 Dungeon Crawl Stone Soup version 0.18.1-48-g4cf74bf (webtiles) character file.

2059 Implojin the Cleaver (level 9, -8/82 HPs)
             Began as a Minotaur Fighter on July 23, 2016.
             Mangled by an orc warrior
             ... wielding a +0 scimitar of electrocution
              (20 damage)
             ... on level 9 of the Dungeon.
             The game lasted 00:09:23 (1492 turns).

Implojin the Cleaver (Minotaur Fighter)             Turns: 1492, Time: 00:09:23

Health: -8/82      AC: 10    Str: 21    XL:     9   Next: 5%
Magic:  8/8        EV:  5    Int:  5    God:
Gold:   26         SH:  9    Dex: 13    Spells: 0 memorised, 8 levels left

rFire  . . .     SeeInvis .     a - +0 war axe
rCold  . . .     Gourm    .     k - +0 chain mail
rNeg   . . .     Faith    .     c - +0 shield
rPois  .         Spirit   .     (helmet restricted)
rElec  .         Dismiss  .     x - +0 cloak
rCorr  .         Reflect  .     (no gloves)
SustAt .         Harm     .     (no boots)
MR     +....                    (no amulet)
Stlth  ..........               (no ring)
                                q - ring of protection from magic

@: contaminated, hasted, glowing, very quick, somewhat resistant to hostile
enchantments, extremely unstealthy
A: retaliatory headbutt, horns 2
a: no special abilities


You were on level 9 of the Dungeon.
You were not hungry.

You visited 2 branches of the dungeon, and saw 10 of its levels.
You also visited: Ossuary.

You collected 47 gold pieces.
You spent 21 gold pieces at shops.

Inventory:

Hand Weapons
 a - a +0 war axe (weapon)
Missiles
 j - 5 javelins (quivered)
 n - 2 needles of frenzy
Armour
 b - a +0 scale mail
 c - a +0 shield (worn)
 k - a +0 chain mail (worn)
 x - a +0 cloak (worn)
Jewellery
 q - a ring of protection from magic (left hand)
Wands
 g - a wand of flame (17/48)
 t - a wand of hasting (4/9)
Scrolls
 d - a scroll of blinking
 l - a scroll of recharging
 o - a scroll of immolation
 r - a scroll of silence {unknown}
 s - 2 scrolls of teleportation {unknown}
 u - a scroll of amnesia {unknown}
 v - a scroll of magic mapping {unknown}
 y - a scroll of identify
 z - 2 scrolls of noise {unknown}
Potions
 e - 4 potions of curing
 h - a potion of degeneration
 p - 3 potions of brilliance
Comestibles
 f - 2 bread rations
 m - 2 slices of pizza


   Skills:
 * Level 8.4 Fighting
 - Level 12.0 Axes
 - Level 3.6 Armour
 - Level 3.6 Shields


You had 8 spell levels left.
You didn't know any spells.

Dungeon Overview and Level Annotations

Branches:
Dungeon (9/15)             Temple (1/1) D:5
   Lair: D:8-11         Orc: D:9-12

Altars:
Ashenzari
Cheibriados
Dithmenos
Elyvilon
Fedhas
Kikubaaqudgha
Makhleb
Nemelex Xobeh
Qazlal
Trog
Yredelemnul
The Shining One

Shops:
D:5 }   D:7 *


Innate Abilities, Weirdness & Mutations

You reflexively headbutt those who attack you in melee.
You have a pair of horns on your head.


Message History

Aim: JaggaSpikes's ghost (almost destroyed)
You throw a javelin.
The javelin barely misses JaggaSpikes's ghost.
You slash JaggaSpikes's ghost!
You destroy JaggaSpikes's ghost!
Your Fighting skill gained 3 levels and is now at level 8!
You have reached level 9!
Your experience leads to an increase in your attributes!
Increase (S)trength, (I)ntelligence, or (D)exterity?
You feel agile.
j - a javelin Your extra speed is starting to run out.
j - 2 javelins (gained 1)
j - 3 javelins (gained 1)
j - 4 javelins (gained 1)
You feel yourself slow down.
You flicker for a moment.
j - 5 javelins (gained 1)
You flicker back into view.
An orc and an orc warrior come into view.
The orc shouts!
The orc warrior moves out of view.
An orc priest comes into view. It is wielding a trident.
The orc priest shouts!
Evoke which item? (* to show all) (? for menu, Esc to quit)
Zapping:
t - a wand of hasting (5/9)
Press: ? - help, Shift-Dir - straight line, f - you You feel yourself speed up.
You are contaminated with residual magic.
This wand has 4 charges left.
You block the orc warrior's attack.
Unknown command.
You closely miss the orc warrior. You hit the orc warrior.
Your headbutt misses the orc warrior.
The orc warrior is lightly wounded.
You closely miss the orc warrior. You headbutt the orc warrior.
The orc warrior is lightly wounded.
You slash the orc!
You kill the orc!
The orc warrior hits you with a scimitar of electrocution!!
You die...

.†.......#.#
..###...##.###### ..
#...#.......# ..
#...#_......# ##
####........#
######........#
###....#(.......#
.......##.......########
.......##......o@.......
.......##.......########
.......................#
......##########.......#
......# +oo.....+
......# #.......#
.###### #.......# .#
#.......# )# #.......#


You could see an orc warrior.

Vanquished Creatures
  The ghost of JaggaSpikes the Cleaver, a novice MiBe of Trog (D:9)
  The ghost of morlute the Gusty, a novice TeWz of Vehumet (Ossuary)
  A human (D:6)
  A sky beast (D:9)
  A necrophage (D:6)
  An ogre (D:5)
  An elf zombie (Ossuary)
  2 giant frogs
  A scorpion (D:5)
  A howler monkey (D:6)
  A crimson imp (D:6)
  A human zombie (Ossuary)
  2 jellies (D:5)
  A giant frog skeleton (D:6)
  2 orc wizards (D:6)
  Ijyb (D:2)
  Natasha (D:2)
  2 worker ants
  A hound zombie (Ossuary)
  4 mummies (Ossuary)
  3 worms
  2 giant geckos
  6 orcs
  4 giant cockroaches
  2 gnoll zombies (Ossuary)
  3 goblins (D:1)
  2 hobgoblins (D:2)
  5 jackals (D:2)
  4 kobolds
  A giant gecko zombie (D:6)
  A giant newt (D:2)
  A goblin zombie (Ossuary)
  2 jackal zombies (Ossuary)
  2 kobold zombies
  3 orc zombies (Ossuary)
  2 quokka zombies (D:8)
  A rat (D:2)
71 creatures vanquished.

Notes
Turn   | Place    | Note
--------------------------------------------------------------
     0 | D:1      | Implojin the Minotaur Fighter began the quest for the Orb.
     0 | D:1      | Reached XP level 1. HP: 19/19 MP: 0/0
    40 | D:1      | Reached skill level 3 in Axes
    54 | D:2      | Noticed Ijyb
    61 | D:2      | Reached XP level 2. HP: 20/26 MP: 1/1
    66 | D:2      | Killed Ijyb
    66 | D:2      | Reached skill level 4 in Axes
    66 | D:2      | Reached XP level 3. HP: 5/31 MP: 2/2
   269 | D:2      | Noticed Natasha
   279 | D:2      | Killed Natasha
   279 | D:2      | Reached skill level 5 in Axes
   279 | D:2      | Reached XP level 4. HP: 12/39 MP: 3/3
   304 | D:3      | Found a faded altar to an unknown god.
   342 | D:3      | Found a bloodstained altar of Trog.
   403 | D:5      | Entered Level 5 of the Dungeon
   403 | D:5      | Found Nirujus's Gadget Shoppe.
   417 | D:5      | Reached skill level 6 in Axes
   417 | D:5      | Reached XP level 5. HP: 7/45 MP: 4/4
   421 | D:5      | Found a staircase to the Ecumenical Temple.
   430 | Temple   | Entered the Ecumenical Temple
   537 | D:5      | Noticed an ogre
   545 | D:5      | Killed an ogre
   545 | D:5      | Reached skill level 7 in Axes
   719 | D:5      | Reached XP level 6. HP: 41/51 MP: 5/5
   777 | D:6      | Reached skill level 8 in Axes
   945 | D:6      | Reached skill level 9 in Axes
   949 | D:6      | Found a runed door.
   949 | D:6      | Noticed a human
   954 | D:6      | Found a basalt altar of Yredelemnul.
   964 | D:6      | Reached XP level 7. HP: 43/57 MP: 6/6
   968 | D:6      | Killed a human
   968 | D:6      | Reached skill level 10 in Axes
  1006 | D:6      | Found a glowing golden altar of the Shining One.
  1027 | D:7      | Found Esyonemu's Assorted Antiques.
  1039 | D:7      | Bought a scroll labeled YREERE XEGAIM for 21 gold pieces
  1064 | D:8      | Found a sand-covered staircase.
  1080 | Ossuary  | Entered an ossuary
  1080 | Ossuary  | Noticed morlute's ghost (novice TeWz)
  1122 | Ossuary  | Killed morlute's ghost
  1122 | Ossuary  | Reached skill level 11 in Axes
  1122 | Ossuary  | Reached XP level 8. HP: 34/64 MP: 7/7
  1217 | Ossuary  | Reached skill level 12 in Axes
  1252 | D:8      | Found a snail-covered altar of Cheibriados.
  1252 | D:8      | Found a burning altar of Makhleb.
  1296 | D:9      | Found a white marble altar of Elyvilon.
  1339 | D:9      | Found a sparkling altar of Nemelex Xobeh.
  1359 | D:9      | Reached skill level 4 in Fighting
  1381 | D:9      | Noticed JaggaSpikes's ghost (novice MiBe)
  1384 | D:9      | Reached skill level 5 in Fighting
  1451 | D:9      | HP: 3/68 [JaggaSpikes's ghost (9)]
  1456 | D:9      | Killed JaggaSpikes's ghost
  1456 | D:9      | Reached skill level 8 in Fighting
  1456 | D:9      | Reached XP level 9. HP: 5/82 MP: 8/8
  1492 | D:9      | Mangled by an orc warrior

Skill      XL: |  1  2  3  4  5  6  7  8 |
---------------+-------------------------+-----
Axes           | 3 4 5 6 7 9 11 12 | 12.0
Fighting       | 8 |  8.4
Armour         | |  3.6
Shields        | |  3.6

Action                   |  1- 3 |  4- 6 |  7- 9 || total
-------------------------+-------+-------+-------++-------
Melee: War axe           |    42 |    72 |   125 ||   239
       Headbutt          |     1 |    17 |    24 ||    42
Throw: Javelin           |       |       |     6 ||     6
Evoke: Wand              |       |       |     4 ||     4
  Use: Potion            |       |     1 |     4 ||     5
       Scroll            |       |       |     8 ||     8
 Stab: Distracted        |       |     1 |       ||     1
       Invisible         |       |       |     1 ||     1
  Eat: Chunk             |       |       |     1 ||     1
       Meat ration       |       |       |     1 ||     1
Armor: Scale mail        |    25 |     3 |       ||    28
       Chain mail        |       |    29 |    42 ||    71
Dodge: Dodged            |    14 |    10 |    15 ||    39
Block: Shield            |    14 |    30 |    45 ||    89

Table legend:
 A = Turns spent in this place as a percentage of turns spent in the entire game.
 B = Non-inter-level travel turns spent in this place as a percentage of non-inter-level travel turns spent in the entire game.
 C = Inter-level travel turns spent in this place as a percentage of turns spent in this place.
 D = Turns resting spent in this place as a percentage of non-inter-level travel turns spent in this place.
 E = Turns spent auto-exploring this place as a percentage of non-inter-level travel turns spent in this place.
 F = Non-inter-level travel turns spent in this place divided by the number of levels of this place that you've seen.
                   A       B       C       D       E      F
               +-------+-------+-------+-------+-------+----------------------
         Total | 100.0 | 100.0 |   0.0 |   0.0 |   0.0 | 142.1
       Dungeon |  86.8 |  86.8 |   0.0 |   0.0 |   0.0 | 150.7
        Temple |   2.9 |   2.9 |   0.0 |   0.0 |   0.0 |  45.0
       Ossuary |  10.4 |  10.4 |   0.0 |   0.0 |   0.0 | 162.0
               +-------+-------+-------+-------+-------+----------------------

Table legend:
 A = Kills in this place as a percentage of kills in entire the game.
 B = Kills by you in this place as a percentage of kills by you in the entire game.
 C = Kills by friends in this place as a percentage of kills by friends in the entire game.
 D = Other kills in this place as a percentage of other kills in the entire game.
 E = Experience gained in this place as a percentage of experience gained in the entire game.
 F = Experience gained in this place divided by the number of levels of this place that you have seen.
                   A       B       C       D       E      F
               +-------+-------+-------+-------+-------+----------------------
         Total | 100.0 | 100.0 |  -nan |  -nan | 100.0 | 267.5
       Dungeon |  76.1 |  76.1 |  -nan |  -nan |  76.2 | 249.1
       Ossuary |  23.9 |  23.9 |  -nan |  -nan |  23.8 | 700.0
               +-------+-------+-------+-------+-------+----------------------
